 Dungeon Crawl Stone Soup version 0.32-a0-909-gc671339a80 (webtiles) character file.

Game seed: 5934177833334361781

66 Sunburn the Chopper (level 3, -6/33 HPs)
             Began as a Minotaur Berserker on Apr 7, 2024.
             Was a Follower of Trog.
             Killed from afar by an orc wizard (9 damage)
             ... with a magic dart
             ... on level 3 of the Dungeon.
             The game lasted 00:11:30 (2174 turns).

Sunburn the Chopper (Minotaur Berserker)            Turns: 2174, Time: 00:11:31

Health: -6/33      AC:  1    Str: 23    XL:     3   Next: 96%
Magic:  2/2        EV: 11    Int:  4    God:    Trog [*.....]
Gold:   122        SH:  0    Dex:  9    Spells: 2/2 levels left

rFire   . . .        i - +0 spear
rCold   . . .        (no shield)
rNeg    . . .        (no body armour)
rPois   .            (helmet restricted)
rElec   .            (no cloak)
rCorr   .            (no gloves)
SInv    .            g - +0 pair of boots
Will    .....        (no amulet)
Stlth   +            (no ring)
HPRegen 0.25/turn    (no ring)
MPRegen 0.08/turn

%: no passive effects
@: confused
A: horns 2, retaliatory headbutt
a: Renounce Religion, Berserk


You were on level 3 of the Dungeon.
You worshipped Trog.
Trog was aware of your devotion.
You visited 1 branch of the dungeon, and saw 3 of its levels.

You collected 122 gold pieces.

Inventory:

Hand Weapons
 a - a +0 hand axe
 c - a +0 mace
 d - a +0 dagger
 h - a +0 club
 i - a +0 spear (weapon)
 j - a +0 spear
 k - a +0 short sword
 q - a +0 hand axe
 s - a +0 hand axe
Missiles
 l - 12 stones (quivered)
Armour
 b - a +0 animal skin
 g - a +0 pair of boots (worn)
 n - a +0 chain mail
 o - a +0 plate armour
Magical Staves
 f - a staff of cold
Scrolls
 m - a scroll of noise {unknown}
 p - a scroll of identify {unknown}
Potions
 e - a potion of attraction {unknown}
 r - a potion of lignification {unknown}
 t - a potion of mutation {unknown}


   Skills:
 + Level 4.3 Fighting
 + Level 4.7(4.8) Axes
 + Level 1.0(3.1) Polearms
 + Level 2.7 Armour
 + Level 2.6 Dodging
 + Level 0.1 Stealth


You had 2 spell levels left.
You didn't know any spells.
Your spell library contained the following spells:

 Spells                   Type           Power      Damage    Failure   Level
 Apportation              Tloc           0%         N/A       50%         1
 Jinxbite                 Hex            0%         N/A       65%         2
 Passwall                 Erth           0%         N/A       86%         3
 Volatile Blastmotes      Fire/Tloc      0%         2d10      86%         3
 Vhi's Electric Charge    Tloc/Air       0%         N/A       99%         4
 Alistair's Intoxication  Alch           0%         N/A       100%        5
 Bombard                  Conj/Erth      0%         9d1       100%        6


Dungeon Overview and Level Annotations

Branches:
Dungeon (3/15)

Altars:


Innate Abilities, Weirdness & Mutations

You have a pair of horns on your head.
You reflexively headbutt those who attack you in melee.


Message History

There is a stone staircase leading down here.
An orc priest and 2 orcs come into view.
The orc shouts! x2; The orc priest shouts!
The orc shouts!
Found 12 gold pieces and a scroll labelled HIS TO UXTEC.
Found a robe.
You hit the orc. You headbutt the orc.
You kill the orc!
Trog accepts your kill.
You see here a +0 club.
You barely miss the orc. Your headbutt misses the orc. The orc misses you.
You hit the orc.
The orc is heavily wounded.
The orc hits you with a +0 short sword. The orc hits you with a +0 dagger.
You closely miss the orc. The orc hits you but does no damage.
You hit the orc.
You kill the orc!
Trog accepts your kill. The orc priest misses you.
The orc hits you with a +0 dagger.
Your base Polearms skill increases to level 1!
The orc wizard gestures at you while chanting.
You are confused.
The orc priest hits you with a +0 mace! The orc hits you with a +0 dagger.
You see here a +0 club.
You closely miss the orc wizard. Your headbutt misses the orc wizard.
The orc priest barely misses you. The orc hits you with a +0 dagger.
The orc wizard closely misses you.
You're too confused to move!
The orc priest hits you with a +0 mace.
* * * LOW HITPOINT WARNING * * *
The orc wizard hits you with a +0 dagger of pain.
* * * LOW HITPOINT WARNING * * *
The orc hits you with a +0 dagger.
* * * LOW HITPOINT WARNING * * *
You're too confused to move!
The orc priest closely misses you. The orc misses you.
The orc wizard barely misses you.
You hit the orc priest but do no damage.
You headbutt the orc priest!
The orc priest is almost dead.
The orc wizard casts a spell at you. The magic dart hits you!
You die...

### ##########.. #
.[.....##.# .#
#.....##.# ..
#.....##.#######.#.#
........>†...<....#
#######)###...###.#.###
........@o....# #.# #
.......oo.....# #.#
..#.###.##....# #.# ..
.........# #.# .
###....#..# #.#
....<........
#.#....#+## ...?.$..


You could see an orc priest, an orc wizard and an orc.

Vanquished Creatures
  3 adders (D:2)
  A dart slug (D:2)
  2 orcs (D:3)
  2 ball pythons (D:2)
  2 endoplasms (D:1)
  2 giant cockroaches
  4 goblins (D:2)
  2 hobgoblins (D:1)
  3 jackals (D:2)
  3 quokkas (D:2)
  4 bats
  A kobold (D:2)
  2 rats (D:2)
31 creatures vanquished.

Notes
Turn   | Place    | Note
-------+----------+-------------------------------------------
     0 | D:1      | Sunburn the Minotaur Berserker began the quest for the Orb.
     0 | D:1      | Reached XP level 1. HP: 19/19 MP: 0/0
   272 | D:2      | Reached XP level 2. HP: 24/27 MP: 1/1
   826 | D:2      | Reached XP level 3. HP: 33/33 MP: 2/2
  2170 | D:3      | Reached skill level 1 in Polearms
  2174 | D:3      | Killed from afar by an orc wizard

Illustrated notes

Levels and vault maps discovered:
D:1:      lemuel_arrival_behind_the_door_small, layout_basic
D:2:      layout_basic, serial_shops, nicolae_shop_window_shopping, st_stairs_3,
          minmay_tetromino_t4
D:3:      layout_basic, ebering_ecumenical_altar_box, uniq_ijyb, uniq_grinder,
          uniq_pargi, uniq_terence

Skill      XL: |  1  2  3 |
---------------+----------+-----
Fighting       | 4 |  4.3
Axes           | 4 |  4.7
Polearms       | 1 |  1.0
Armour         | |  2.7
Dodging        | |  2.6
Stealth        | |  0.1

Action                     || total
---------------------------++-------
  Melee: Hand axe          ||    10
         Headbutt          ||    13
         Spear             ||    65
 Armour: Animal skin       ||    11
         Skin              ||    44
  Dodge: Dodged            ||    48

Table legend: (Time is in decaauts)
 A = Elapsed time spent in this place.
 B = Non-inter-level travel time spent in this place.
 C = Inter-level travel time spent in this place.
 D = Time resting spent in this place.
 E = Time spent auto-exploring this place.
 F = Levels seen in this place.
 G = Mean time per level.
                   A        B        C        D        E       F      G
               +--------+--------+--------+--------+--------+-----+--------+
         Total |   2171 |   2132 |     39 |   1187 |      0 |   3 |  723.7 |
       Dungeon |   2171 |   2132 |     39 |   1187 |      0 |   3 |  723.7 |
               +--------+--------+--------+--------+--------+-----+--------+

Top non-repeatable levels by time:
     D:2: 1887 daAuts
     D:1: 264 daAuts
     D:3: 20 daAuts
